 Dungeon Crawl Stone Soup version 0.19.0-24-gb05acd6 (webtiles) character file.

76 Gargoyl the Skirmisher (level 4, 23/37 HPs)
             Began as a Demonspawn Abyssal Knight on Nov 22, 2016.
             Was a Follower of Lugonu.
             Quit the game on level 2 of the Dungeon.
             The game lasted 00:02:22 (1992 turns).

Gargoyl the Skirmisher (Demonspawn Abyssal Knight)  Turns: 1992, Time: 00:02:23

Health: 23/37      AC: 12    Str: 13    XL:     4   Next: 12%
Magic:  6/6        EV:  3    Int: 13    God:    Lugonu [*.....]
Gold:   71         SH:  0    Dex: 13    Spells: 0 memorised, 3 levels left

rFire  . . .     SeeInvis .     a - +1 hand axe
rCold  . . .     Gourm    .     d - +0 plate armour
rNeg   . . .     Faith    .     (no shield)
rPois  .         Spirit   +     (helmet restricted)
rElec  .         Reflect  .     (no cloak)
rCorr  .         Harm     .     (no gloves)
MR     .....                    (no boots)
Stlth  ..........               (no amulet)
                                (no ring)
                                (no ring)

@: no status effects
A: horns 1, rugged brown scales 1, magic shield
a: Depart the Abyss, Renounce Religion


You were on level 2 of the Dungeon.
You worshipped Lugonu.
Lugonu was aware of your devotion.
You were hungry.

You visited 1 branch of the dungeon, and saw 2 of its levels.
You visited the Abyss 1 time.

You collected 71 gold pieces.

Inventory:

Hand Weapons
 a - a +1 hand axe (weapon)
Armour
 d - a +0 plate armour (worn)
Scrolls
 e - 3 scrolls of identify {unknown}
Potions
 b - a potion of lignification {unknown}
 g - 2 potions of mutation {unknown}
 h - a potion of curing {unknown}
 i - a potion of agility {unknown}
Comestibles
 c - 2 bread rations
 f - 3 fruits


   Skills:
 + Level 3.6 Fighting
 + Level 2.1 Axes
 * Level 3.0 Armour
 + Level 1.0 Dodging
 * Level 3.0 Invocations


You had 3 spell levels left.
You didn't know any spells.

Dungeon Overview and Level Annotations

Branches:
Dungeon (2/15)

Altars:
Okawaru


Innate Abilities, Weirdness & Mutations

You have a pair of small horns on your head.
You are partially covered in rugged brown scales. (AC +1, +3% HP)
When hurt, damage is shared between your health and your magic reserves.


Message History

Your Invocations skill increases to level 3!
You hit the gnoll. You headbutt the gnoll.
The gnoll is heavily wounded.
The gnoll hits you with a flail.
You closely miss the gnoll.
The gnoll is heavily wounded.
The gnoll hits you but does no damage.
You hit the gnoll. You headbutt the gnoll.
The gnoll is almost dead.
The gnoll hits you but does no damage.
You hit the gnoll.
You kill the gnoll!
Lugonu accepts your kill.
Your Armour skill increases to level 3!
You have reached level 4!
You feel agile.
Your demonic ancestry asserts itself...
You feel your magical essence form a protective shroud around your flesh.
Items here: )) †† a flail; a club; a gnoll corpse; a bat corpse Are you sure you want to abandon this character and quit the game? (Confirm with "yes".)

#.%... #....>
########..
#.#...###........#
#................#
###..##(#.######.#
###..##.#.#
..........# + ..#
.........#######....
..#
..######...@.........
#.# $ ##.###########
#.# #.# #.## #.# #..
..##### #.# #.#
.......######.# #.#
.......÷......## #<##
..####.######..# #...
#. #####.# #..#


There were no monsters in sight!

Vanquished Creatures
  2 gnolls (D:2)
  3 adders (D:2)
  A dart slug (D:1)
  2 leopard geckos (D:1)
  3 giant cockroaches
  3 hobgoblins (D:1)
  6 bats
  A frilled lizard (D:2)
  4 kobolds (D:1)
  3 rats
28 creatures vanquished.

Notes
Turn   | Place    | Note
-------+----------+-------------------------------------------
     0 | Abyss:1  | Gargoyl the Demonspawn Abyssal Knight began the quest for the Orb.
     0 | Abyss:1  | Reached XP level 1. HP: 18/18 MP: 2/2
    14 | Abyss:1  | Found a corrupted altar of Lugonu.
    46 | Abyss:1  | Noticed a large abomination
    48 | Abyss:1  | Noticed a small abomination
    59 | Abyss:1  | Noticed a large abomination
    63 | D:1      | Escaped the Abyss
   538 | D:1      | Reached * piety under Lugonu
   538 | D:1      | Gained mutation: You are partially covered in rugged brown scales. (AC +1, +3% HP) [demonic ancestry]
   538 | D:1      | Reached XP level 2. HP: 18/24 MP: 3/3
   723 | D:1      | Reached skill level 1 in Dodging
  1221 | D:2      | Gained mutation: You have a pair of small horns on your head. [demonic ancestry]
  1221 | D:2      | Reached XP level 3. HP: 8/29 MP: 5/5
  1594 | D:2      | Found an iron altar of Okawaru.
  1990 | D:2      | Gained mutation: When hurt, damage is shared between your health and your magic reserves. [demonic ancestry]
  1990 | D:2      | Reached XP level 4. HP: 22/37 MP: 6/6
  1992 | D:2      | Quit the game

Skill      XL: |  1  2  3 |
---------------+----------+-----
Armour         | 2 3 |  3.0
Dodging        | 1 |  1.0
Axes           | 2 |  2.1
Invocations    | 3 |  3.0
Fighting       | |  3.6

Action                   |  1- 3 |  4- 6 || total
-------------------------+-------+-------++-------
Melee: Hand axe          |   137 |       ||   137
       Headbutt          |     8 |       ||     8
Invok: Depart the Abyss  |     1 |       ||     1
  Eat: Chunk             |     3 |       ||     3
Armor: Plate armour      |   148 |       ||   148
       Leather armour    |     2 |       ||     2
Dodge: Dodged            |    33 |       ||    33
